 Dungeon Crawl Stone Soup version 0.31.0-12-g77e489cdc1 (webtiles) character file.

Game seed: 11650195157820790394

339128 Marvel the Gargoyle Barricade (level 21, -3/134 HPs)
             Began as a Gargoyle Fighter on Feb 17, 2024.
             Was a High Priest of Qazlal.
             Killed from afar by a starcursed mass (13 damage)
             ... with an accursed screaming
             ... on level 5 of the Abyss.
             The game lasted 03:49:55 (44458 turns).

Marvel the Gargoyle Barricade (Gargoyle Fighter)   Turns: 44458, Time: 03:49:55

Health: -3/134     AC: 45    Str: 30    XL:     21   Next: 71%
Magic:  30/30      EV:  9    Int:  6    God:    Qazlal [*****.]
Gold:   1631       SH: 36    Dex: 19    Spells: 20/20 levels left

rFire   + . .        b - +7 long sword of Balance {heavy, rF+ Str+4 Int-5 SInv}
rCold   + + +        T - +3 tower shield {rC+}
rNeg    + + .        D - +5 chain mail "Qebbiuro" {rC+ Dex+4}
rPois   ∞            v - +2 hat "Zotaypp" {rC+ rCorr}
rElec   +            Q - +1 cloak {rPois}
rCorr   +            s - +2 pair of gloves {Str+3}
SInv    +            V - +2 pair of boots {Stlth+}
Will    ++...        k - amulet of faith Stlth
                     Y - ring "Runeushri" {rC+ rN+}
HPRegen 0.42/turn    L - ring of willpower
MPRegen 0.22/turn

%: repel missiles, faith
@: mighty, on berserk cooldown, flying, slowed, studying Invocations, very slow
A: sickness immunity, AC +16, big wings, negative energy resistance 1,
electricity resistance, torment resistance 1, petrification resistance
}: 2/15 runes: decaying, serpentine
a: Renounce Religion, Upheaval, Elemental Force, Disaster Area


You were on level 5 of the Abyss.
You worshipped Qazlal.
Qazlal was extremely pleased with you.
You visited 9 branches of the dungeon, and saw 37 of its levels.
You visited the Abyss 2 times.
You visited 1 bazaar.
You also visited: Gauntlet and Ice Cave.

You collected 5117 gold pieces.
You spent 3486 gold pieces at shops.

Inventory:

Hand Weapons
 b - the +7 long sword of Balance (weapon) {heavy, rF+ Str+4 Int-5 SInv}
   (You found it on level 7 of the Dungeon)

   Str+4:     It affects your strength (+4).
   Int-5:     It affects your intelligence (-5).
   rF+:       It protects you from fire.
   SInv:      It lets you see invisible.
 N - a +4 scimitar of flaming
Missiles
 r - 33 poisoned darts (quivered)
Armour
 s - a +2 pair of gloves of strength (worn)
 v - the +2 hat "Zotaypp" (worn) {rC+ rCorr}
   (You found it in an ice cave)

   rC+:       It protects you from cold.
   rCorr:     It protects you from acid and corrosion.
 D - the +5 chain mail "Qebbiuro" (worn) {rC+ Dex+4}
   (You found it on level 9 of the Dungeon)

   Dex+4:     It affects your dexterity (+4).
   rC+:       It protects you from cold.
 G - the +3 pair of gloves of Caguypt {^Drain rCorr Int+4}
   (You bought it in a shop in a bazaar)

   Int+4:     It affects your intelligence (+4).
   rCorr:     It protects you from acid and corrosion.
   ^Drain:    It drains your maximum health when unequipped.
 Q - a +1 cloak of poison resistance (worn)
 T - a +3 tower shield of cold resistance (worn)
 V - a +2 pair of boots of stealth (worn)
Jewellery
 k - an amulet of faith (around neck)
 o - a ring of protection from fire
 B - a ring of resist corrosion
 I - the ring "Tiytuy" {rN+ Dex+3}
   (You took it off an orc high priest on level 10 of the Dungeon)

   [ring of positive energy]

   Dex+3:     It affects your dexterity (+3).
   rN+:       It protects you from negative energy.
 L - a ring of willpower (right hand)
 Y - the ring "Runeushri" (left hand) {rC+ rN+}
   (You found it in an ice cave)

   [ring of protection from cold]

   rC+:       It protects you from cold.
   rN+:       It protects you from negative energy.
Wands
 q - a wand of mindburst (34)
 u - a wand of charming (31)
 z - a wand of acid (12)
 C - a wand of polymorph (51)
 E - a wand of digging (7)
 F - a wand of roots (33)
 S - a wand of flame (22)
Scrolls
 c - 3 scrolls of amnesia
 j - 9 scrolls of teleportation
 l - 2 scrolls of enchant weapon
 t - a scroll of fear
 y - 4 scrolls of revelation
 A - 3 scrolls of torment
 J - 5 scrolls of vulnerability
 O - 3 scrolls of immolation
 P - a scroll of acquirement
 R - 5 scrolls of fog
 U - 4 scrolls of silence
 Z - a scroll of poison
Potions
 d - 4 potions of might
 e - a potion of cancellation
 f - a potion of magic
 g - 3 potions of haste
 h - 4 potions of attraction
 m - 5 potions of enlightenment
 n - 19 potions of curing
 p - 7 potions of lignification
 H - 3 potions of mutation
 K - 4 potions of resistance
 M - 4 potions of brilliance
 W - 2 potions of invisibility
Miscellaneous
 i - a tin of tremorstones (2/2)
 w - a lightning rod (4/4)
 X - a phial of floods


   Skills:
 + Level 15.0 Fighting
 + Level 6.3(13.9) Short Blades
 * Level 19.1(19.4) Long Blades
 - Level 2.3 Maces & Flails
 + Level 3.9 Throwing
 + Level 13.7 Armour
 O Level 27 Shields
 + Level 0.9 Unarmed Combat
 * Level 13.1 Invocations
 + Level 1.4 Evocations


You had 20 spell levels left.
You didn't know any spells.
Your spell library contained the following spells:

 Spells                   Type           Power      Damage    Failure   Level
 Foxfire                  Conj/Fire      0%         2x1d4     82%         1
 Slow                     Hex            0%         N/A       82%         1
 Summon Small Mammal      Summ           0%         N/A       82%         1
 Blink                    Tloc           0%         N/A       91%         2
 Call Imp                 Summ           0%         N/A       91%         2
 Ensorcelled Hibernation  Hex/Ice        0%         N/A       91%         2
 Lesser Beckoning         Tloc           0%         N/A       91%         2
 Mercury Vapours          Alch/Air       0%         N/A       91%         2
 Momentum Strike          Conj/Tloc      0%         3d8       91%         2
 Static Discharge         Conj/Air       0%         3-3/arc   91%         2
 Call Canine Familiar     Summ           0%         N/A       99%         3
 Confusing Touch          Hex            0%         N/A       99%         3
 Frozen Ramparts          Ice            0%         1d1       99%         3
 Fugue of the Fallen      Necr           0%         N/A       99%         3
 Gell's Gravitas          Tloc           0%         N/A       99%         3
 Hailstorm                Conj/Ice       0%         3d5       99%         3
 Mephitic Cloud           Conj/Alch/Air  0%         N/A       99%         3
 Sigil of Binding         Hex            0%         N/A       99%         3
 Summon Ice Beast         Ice/Summ       0%         N/A       99%         3
 Teleport Other           Tloc           0%         N/A       99%         3
 Tukima's Dance           Hex            0%         N/A       99%         3
 Vampiric Draining        Necr           0%         2d6       99%         3
 Volatile Blastmotes      Fire/Tloc      0%         2d10      99%         3
 Airstrike                Air            0%         2d(0-16)  100%        4
 Anguish                  Hex/Necr       0%         N/A       100%        4
 Animate Armour           Summ/Erth      0%         N/A       100%        4
 Cause Fear               Hex            0%         N/A       100%        4
 Dimensional Bullseye     Hex/Tloc       0%         N/A       100%        4
 Dispel Undead            Necr           0%         3d6       100%        4
 Fulminant Prism          Conj/Alch      0%         3d5       100%        4
 Iskenderun's Mystic Bla  Conj/Tloc      0%         2d3       100%        4
 Leda's Liquefaction      Alch/Erth      0%         N/A       100%        4
 Petrify                  Alch/Erth      0%         N/A       100%        4
 Summon Blazeheart Golem  Fire/Summ      0%         N/A       100%        4
 Summon Lightning Spire   Summ/Air       0%         N/A       100%        4
 Alistair's Intoxication  Alch           0%         N/A       100%        5
 Borgnjor's Vile Clutch   Necr/Erth      0%         N/A       100%        5
 Freezing Cloud           Conj/Ice/Air   0%         6-21      100%        5
 Iskenderun's Battlesphe  Conj           0%         2d6       100%        5
 Lee's Rapid Deconstruct  Erth           0%         3d4*      100%        5
 Metabolic Englaciation   Hex/Ice        0%         N/A       100%        5
 Bombard                  Conj/Erth      0%         9d1       100%        6
 Conjure Ball Lightning   Conj/Air       0%         3x3d6     100%        6
 Dispersal                Tloc           0%         N/A       100%        6
 Eringya's Noxious Bog    Alch           0%         4d6       100%        6
 Plasma Beam              Fire/Air       0%         2x1d10    100%        6
 Sculpt Simulacrum        Ice/Alch       0%         N/A       100%        6
 Starburst                Conj/Fire      0%         6d3       100%        6
 Enfeeble                 Hex            0%         N/A       100%        7
 Spellforged Servitor     Conj/Summ      0%         N/A       100%        7
 Summon Hydra             Summ           0%         N/A       100%        7
 Discord                  Hex            0%         N/A       100%        8
 Disjunction              Tloc           0%         N/A       100%        8
 Sublimation of Blood     Necr           Unusable   N/A       N/A         2

Dungeon Overview and Level Annotations

Branches:
Dungeon (15/15)            Temple (1/1) D:6            Lair (5/5) D:9
  Swamp (4/4) Lair:3        Snake (4/4) Lair:2        Slime (1/5) Lair:4
    Orc (2/2) D:11            Elf (1/3) Orc:2        Vaults (4/5) D:13
  Crypt (0/3) Vaults:3     Depths (0/4) D:15          IceCv (visited)
Gauntlet (visited)

Altars:
Ashenzari
Cheibriados
Dithmenos
Elyvilon
Fedhas
Gozag
Hepliaklqana
Kikubaaqudgha
Makhleb
Nemelex Xobeh
Okawaru
Qazlal
Ru
Sif Muna
Trog
Uskayaw
Vehumet
Wu Jian
Xom
Yredelemnul
Zin
The Shining One
Jiyva

Shops:
D:15 [**!=   Orc:2 [*[(   Snake:2 (   Snake:3 *   Vaults:1 (*   Vaults:2 ?

Portals:
Trove: D:12 (give +3 storm dragon scales)

Annotations:
D:11 2 transporters
D:14 Roxanne
Elf:1 Louise


Innate Abilities, Weirdness & Mutations

You are immune to sickness and miasma.
Your stone body is resilient. (AC +16)
You are immune to poison.
Your large and strong wings let you fly.
You resist negative energy. (rN+)
You are resistant to electric shocks. (rElec)
You are resistant to unholy torment.
You are immune to petrification.


Message History

Qazlal accepts your kill.
You feel the corruption within you wane somewhat.
You feel a little more calm.
Your magic regains its normal vibrancy.
Your urge to shout disappears.
Your Fighting skill increases to level 15!
You slash the tentacled starspawn!
The tentacled starspawn is heavily damaged.
A starcursed mass splits.
A deafening chorus of shrieks assaults your mind!
* * * LOW HITPOINT WARNING * * *
You slash the tentacled starspawn!
The tentacled starspawn is severely damaged.
The starcursed mass touches you but does no damage.
You slice the tentacled starspawn!!
The tentacled starspawn is almost destroyed.
The tentacled starspawn is engulfed in freezing vapours.
You destroy the tentacled starspawn!
Qazlal accepts your kill.
The starspawn's tentacles wither and die.
You block the starcursed mass's attack. x2
You feel the corruption within you wane completely.
You feel agile. x2
You carve the starcursed mass like a ham!!!
You destroy the starcursed mass!
Qazlal accepts your kill.
A starcursed mass splits.
The fire elemental is engulfed in a thunderstorm.
You slash the starcursed mass!
The starcursed mass is heavily damaged.
The starcursed mass shudders and withdraws towards its neighbour. x2
You are no longer berserk.
You are exhausted.
You feel yourself slow down.
The fire elemental sizzles in the rain.
You block the fire elemental's attack. You block the starcursed mass's attack.
As you read the scroll of fear, it crumbles to dust.
You assume a fearsome visage.
The starcursed mass is unaffected.
The blink frog resists with some effort.
The starcursed mass is unaffected. x8; The fire elemental is unaffected.
A cacophony of accursed wailing tears at your sanity!
You die...

#.## . #... . #
§.#.##. #.#.○.#.#
#....°X.X .
#..#§X# ♣ ~~
#.EX# ~~~ ###X@#
~ ~♣~ #~§X°#~ ≈~~
♣~##≈~XX#~~≈≈ ≈
## ~≈~~~~FX ~~~~~
#
.~≈~~≈~~X~~F≈~~~
#
~~~~~≈~~~~~~~≈≈~
≈~~~~~~≈~~~~♣~~≈~
~ ~≈~≈~~≈~~≈~X .≈
~ ≈~≈~ ≈~~~~.#. #


You could see 10 starcursed masses, a blink frog and a fire elemental.

Vanquished Creatures
  Boris (Vaults:1)
  A tentacled monstrosity (Swamp:1)
  A lich (D:13)
  2 sphinxes
  An ancient champion (Vaults:3)
  Kirke (D:14)
  9 tentacled starspawn
  A tengu reaver (D:13)
  2 thorn hunters
  2 nagarajas
  Aizul (Snake:1)
  A revenant (Vaults:3)
  A rockslime (IceCv)
  2 azure jellies (IceCv)
  A fenstrider witch (Swamp:1)
  A deep elf sorcerer (Elf:1)
  13 vault wardens
  4 ironbound preservers
  5 quicksilver oozes (IceCv)
  5 ghouls
  A formless jellyfish (Vaults:4)
  3 ironbound thunderhulks
  2 stone giants
  5 eleionomae
  A war gargoyle (Vaults:3)
  A deep elf annihilator (Elf:1)
  11 dire elephants
  A minotaur (Gauntlet)
  A black draconian (Abyss:5)
  9 bunyips
  Snorg (D:14)
  An ettin (Vaults:3)
  The ghost of Ixoagrun the Bludgeoner, a journeyman MiFi of Okawaru (Lair:3)
  A blizzard demon (Abyss:5)
  4 great orbs of eyes
  3 fire dragons
  10 yaktaur captains
  2 rakshasas
  14 hydras
  3 vault guards (D:13)
  3 salamander tyrants (Snake:4)
  17 centaur warriors
  14 alligators
  2 ogre magi
  2 peacekeepers
  A catoblepas (Lair:4)
  5 ironbound frosthearts
  6 boulder beetles
  18 anacondas
  2 dancing weapons (Elf:1)
  8 two-headed ogres
  11 death yaks
  8 thrashing horrors
  11 naga warriors
  4 orc high priests
  4 hell hogs
  Sonja (Lair:1)
  A vampire mage (Vaults:3)
  10 naga sharpshooters
  An occultist (D:15)
  Nergalle (Lair:2)
  3 skysharks
  6 shock serpents
  3 wretched stars
  7 skeletal warriors
  5 goliath frogs
  5 spriggan druids
  5 salamander mystics
  12 deep trolls
  12 mana vipers
  2 deep elf archers (Elf:1)
  4 orange crystal statues
  3 bog bodies
  11 large abominations
  7 naga ritualists
  8 arcanists
  6 swamp dragons
  20 lindwurms
  8 orc knights
  2 necromancers
  8 ironbound convokers
  21 ugly things
  4 deep elf zephyrmancers (Elf:1)
  A stone giant zombie (Vaults:2)
  3 orc sorcerers
  2 wolf spiders (Lair:5)
  6 deep elf pyromancers
  5 will-o-the-wisps
  4 cyclopes
  3 manticores
  Maurice (D:11)
  2 moths of wrath (Lair:3)
  2 meliai (Abyss:5)
  18 salamanders
  35 black mambas
  11 vault sentinels
  14 elephants
  8 guardian serpents
  A meliai (shapeshifter) (D:13)
  A torpor snail (Lair:5)
  A guardian serpent (shapeshifter) (D:14)
  8 naga magi
  18 cane toads
  2 gargoyles
  A minotaur zombie (Gauntlet)
  4 smoke demons
  2 unseen horrors
  6 kobold demonologists
  2 centaur skeletons (D:15)
  38 yaktaurs
  3 efreet (D:15)
  2 rime drakes
  7 komodo dragons
  2 yaktaur skeletons (Vaults:2)
  3 tengu conjurers
  8 ancient zymes
  A freezing wraith (D:14)
  4 tyrant leeches
  12 hornets
  8 trolls
  6 raiju
  9 polar bears (Lair:5)
  17 blink frogs
  6 dream sheep (Lair:5)
  22 slime creatures
  2 air elementals
  11 spriggans
  2 wraiths (D:13)
  19 wyverns
  75 yaks
  A spriggan (shapeshifter) (D:13)
  5 hogs (D:14)
  A wyvern (shapeshifter) (D:13)
  2 vampires
  2 ynoxinuls
  4 fire elementals
  8 humans (D:13)
  A redback (Lair:5)
  7 basilisks
  A water elemental (D:14)
  A neqoxec (Abyss:3)
  3 steam dragons (Gauntlet)
  22 nagas
  An elf simulacrum (Vaults:2)
  6 wargs (Lair:5)
  7 chaos spawn
  22 vampire mosquitoes
  10 small abominations
  30 water moccasins
  14 hell hounds (Lair:5)
  3 spatial vortices
  12 swamp worms
  An acid dragon (shapeshifter) (D:15)
  7 great orb of eyes simulacra (IceCv)
  2 acid dragons
  15 swamp drakes
  3 ice beasts
  24 orc warriors
  15 black bears
  A hornet zombie (D:15)
  3 ogres
  17 wolves (Lair:5)
  4 boggarts (D:15)
  5 centaurs
  4 weeping skulls
  6 slime creature simulacra (IceCv)
  3 kobold brigands
  11 bullfrogs
  4 scorpions
  A gnoll sergeant (D:12)
  4 wights
  2 earth elementals
  A glowing shapeshifter simulacrum (IceCv)
  9 killer bees
  9 electric eels
  3 bombardier beetles
  A lava snake (D:15)
  4 crimson imps (Abyss:5)
  5 jellies
  23 orc priests
  4 hounds
  27 starcursed masses
  3 gnoll boudas
  3 sleepcaps
  16 orc wizards
  9 adders
  15 gnolls
  A shadow imp (D:5)
  5 white imps
  8 ufetubi
  3 dart slugs
  2 ribbon worms
  71 orcs
  8 ball pythons
  7 endoplasms
  5 giant cockroaches
  7 goblins
  8 hobgoblins
  14 jackals
  23 kobolds
  2 quokkas
  5 bats
  2 frilled lizards
  4 rats
  3 starspawn tentacles (Abyss:5)
1445 creatures vanquished.

Vanquished Creatures (collateral kills)
  A sphinx (Vaults:3)
  An ironbound preserver (Vaults:3)
  An ettin (Vaults:3)
  A spriggan skeleton (Abyss:4)
  A salamander tyrant (Snake:4)
  3 anacondas
  2 naga warriors
  A spriggan berserker (Swamp:3)
  A naga sharpshooter (Snake:2)
  2 orc high priests (Orc:2)
  A salamander mystic (Snake:4)
  2 mana vipers
  A naga ritualist (Snake:2)
  2 bog bodies
  A lindwurm (Snake:4)
  2 orc knights (Orc:2)
  2 salamanders
  An elephant (Lair:3)
  2 guardian serpents (Snake:4)
  A vault sentinel (Vaults:3)
  2 naga magi (Snake:2)
  7 black mambas
  A torpor snail (Lair:3)
  A komodo dragon (Lair:3)
  5 hornets
  2 spriggans
  A yak (Lair:3)
  A basilisk (Lair:3)
  6 nagas
  6 orc warriors (Orc:2)
  4 orc priests (Orc:2)
  3 orcs (Orc:2)
68 creatures vanquished.

Vanquished Creatures (others)
  A vault guard (D:13)
  2 occultists
  A large abomination (Abyss:3)
  A black mamba (Snake:1)
  A yaktaur skeleton (Vaults:2)
  A bloated husk (Swamp:4)
  A raiju (Gauntlet)
  A swamp drake (Swamp:4)
  A boggart (Elf:1)
  An orc priest (Orc:2)
  18 foxfires
  23 starspawn tentacles
52 creatures vanquished.

Grand Total: 1565 creatures vanquished

Notes
Turn   | Place    | Note
-------+----------+-------------------------------------------
     0 | D:1      | Marvel the Gargoyle Fighter began the quest for the Orb.
     0 | D:1      | Reached XP level 1. HP: 14/14 MP: 1/1
    83 | D:1      | Reached XP level 2. HP: 4/19 MP: 2/2
   489 | D:1      | Reached XP level 3. HP: 23/24 MP: 3/3
   810 | D:2      | Reached skill level 1 in Short Blades
   828 | D:2      | Reached XP level 4. HP: 29/29 MP: 4/4
  1618 | D:3      | Reached XP level 5. HP: 33/33 MP: 5/5
  1796 | D:3      | Found a faded altar of an unknown god.
  2594 | D:4      | Noticed a black bear
  2608 | D:4      | Killed a black bear
  2609 | D:4      | Reached skill level 4 in Shields
  2609 | D:4      | Reached XP level 6. HP: 18/39 MP: 6/6
  3052 | D:4      | Reached skill level 5 in Armour
  3380 | D:4      | Reached XP level 7. HP: 42/44 MP: 7/7
  3736 | D:3      | Found a hide-covered altar of Uskayaw.
  3736 | D:3      | Found a shimmering altar of Xom.
  3779 | D:5      | Entered Level 5 of the Dungeon
  3799 | D:5      | Reached skill level 5 in Shields
  4181 | D:5      | Reached skill level 6 in Shields
  4181 | D:5      | Reached XP level 8. HP: 48/48 MP: 8/8
  4935 | D:6      | Found a staircase to the Ecumenical Temple.
  5335 | D:6      | Reached skill level 7 in Shields
  5451 | D:6      | Reached skill level 5 in Fighting
  5459 | D:6      | Reached skill level 1 in Throwing
  5487 | D:6      | Found a burning altar of Makhleb.
  5590 | D:6      | Reached skill level 5 in Short Blades
  5861 | D:6      | Found a shimmering blue altar of Sif Muna.
  6137 | D:7      | Reached XP level 9. HP: 54/54 MP: 9/9
  6536 | Temple   | Entered the Ecumenical Temple
  6641 | Temple   | Became a worshipper of Qazlal Stormbringer
  6717 | D:7      | Identified the +7 long sword of Balance {heavy, rF+ Str+4
                  | Int-5 SInv}
  6745 | D:7      | Reached skill level 8 in Shields
  6977 | D:7      | Identified the +0 chain mail of the Fife {rC- Will+ Stlth+}
  7037 | D:7      | Reached * piety under Qazlal
  7154 | D:7      | Found an iron altar of Okawaru.
  7180 | D:7      | Found a white marble altar of Elyvilon.
  7283 | D:8      | Reached skill level 1 in Long Blades
  7394 | D:8      | Reached skill level 9 in Shields
  7692 | D:8      | Reached ** piety under Qazlal
  8080 | D:8      | Noticed a hornet
  8085 | D:8      | Killed a hornet
  8086 | D:8      | Reached XP level 10. HP: 49/60 MP: 10/10
  8382 | D:9      | Identified the +5 chain mail "Qebbiuro" {rC+ Dex+4}
  8672 | D:9      | Reached skill level 10 in Shields
  9116 | D:9      | Found a staircase to the Lair.
  9299 | D:10     | Entered Level 10 of the Dungeon
  9377 | D:10     | Reached skill level 5 in Long Blades
  9402 | D:10     | Reached skill level 11 in Shields
  9817 | D:10     | Reached XP level 11. HP: 66/66 MP: 11/11
  9893 | D:10     | Noticed a centaur warrior
  9894 | D:10     | Identified the ring "Tiytuy" {rN+ Dex+3}
  9894 | D:10     | Noticed an orc high priest
  9948 | D:10     | Noticed a sun demon
  9958 | D:10     | Killed an orc high priest
  9969 | D:10     | Killed a centaur warrior
  9970 | D:10     | Reached skill level 12 in Shields
  9973 | D:10     | Reached *** piety under Qazlal
 10275 | D:10     | Noticed a soul eater
 10648 | D:11     | Found a transporter.
 10650 | D:11     | Found a transporter.
 10812 | D:11     | Found a transporter.
 10816 | D:11     | Found a transporter.
 11124 | D:11     | Found a staircase to the Orcish Mines.
 11188 | D:11     | Found a transporter.
 11192 | D:11     | Found a transporter.
 11343 | D:12     | Noticed a two-headed ogre
 11345 | D:12     | Noticed Maurice
 11348 | D:12     | Noticed a cyclops
 11352 | D:12     | Killed a two-headed ogre
 11360 | D:12     | Killed a cyclops
 11361 | D:12     | Reached skill level 13 in Shields
 11390 | D:11     | Killed Maurice
 11447 | D:12     | Noticed a skeletal warrior
 11472 | D:12     | Noticed a skeletal warrior
 11475 | D:12     | Noticed a skeletal warrior
 11528 | D:11     | Killed a skeletal warrior
 11578 | D:11     | Killed a skeletal warrior
 11579 | D:11     | Reached XP level 12. HP: 50/72 MP: 12/12
 11701 | D:12     | Reached **** piety under Qazlal
 11903 | D:12     | Reached skill level 14 in Shields
 12073 | D:12     | Found a portal to a secret trove of treasure.
 12110 | D:12     | Noticed a two-headed ogre
 12117 | D:12     | Killed a two-headed ogre
 12414 | D:13     | Noticed a centaur warrior
 12435 | D:13     | Killed a centaur warrior
 12497 | D:13     | Killed a vault guard
 12521 | D:13     | Noticed a vault guard
 12525 | D:13     | Noticed a vault guard
 12527 | D:13     | Noticed a vault guard
 12532 | D:13     | Noticed a rakshasa
 12533 | D:13     | Noticed a boulder beetle
 12542 | D:13     | Noticed a sun demon
 12602 | D:12     | Killed a rakshasa
 12625 | D:13     | Killed a vault guard
 12649 | D:13     | Reached skill level 15 in Shields
 12762 | D:13     | Reached XP level 13. HP: 65/78 MP: 13/13
 12781 | D:13     | Killed a vault guard
 12844 | D:13     | Killed a vault guard
 13147 | D:13     | Found a gate to the Vaults.
 13271 | D:14     | Noticed Roxanne
 13336 | D:14     | Found a large runed translucent door.
 13339 | D:14     | Found a large runed translucent door.
 13368 | D:14     | Reached skill level 16 in Shields
 13393 | D:14     | Noticed Snorg
 13409 | D:14     | Killed Snorg
 13640 | D:14     | Noticed Kirke
 13797 | D:14     | Reached skill level 10 in Long Blades
 14226 | D:14     | Killed Kirke
 14263 | D:14     | Paralysed by an air elemental for 1 turns
 14265 | D:14     | Paralysed by an air elemental for 1 turns
 14269 | D:14     | Paralysed by an air elemental for 1 turns
 14477 | D:15     | Entered Level 15 of the Dungeon
 14572 | D:15     | Found Opridill's Jewellery Boutique.
 14652 | D:15     | Found Begasel's Distillery.
 14655 | D:15     | Noticed a rakshasa
 14990 | D:15     | Bought an amulet of faith for 480 gold pieces
 15038 | D:15     | Reached skill level 17 in Shields
 15073 | D:15     | Reached ***** piety under Qazlal
 15122 | D:15     | Bought a potion of curing for 42 gold pieces
 15122 | D:15     | Bought a potion of might for 56 gold pieces
 15122 | D:15     | Bought a potion of heal wounds for 70 gold pieces
 15290 | D:15     | Reached skill level 10 in Armour
 15296 | D:15     | Gained mutation: Your large and strong wings let you fly.
                  | [Gargoyle growth]
 15296 | D:15     | Reached XP level 14. HP: 84/84 MP: 14/14
 15308 | D:15     | Reached skill level 1 in Evocations
 15420 | D:15     | Found Mogrun's General Store.
 15642 | D:15     | Found Zouv's General Store.
 15653 | D:15     | Bought a scroll of teleportation for 36 gold pieces
 15841 | D:15     | Bought a potion of enlightenment for 70 gold pieces
 15843 | D:15     | Found Jockyik's Antique Armour Boutique.
 15865 | D:15     | Bought a translucent helmet for 275 gold pieces
 15865 | D:15     | Identified the +0 helmet of Fedhas's Esteem {Int+4 Dex+2}
                  | (You bought it in a shop on level 15 of the Dungeon)
 16566 | D:15     | Found a staircase to the Depths.
 16781 | Lair:1   | Entered Level 1 of the Lair of Beasts
 16874 | Lair:1   | Reached skill level 1 in Invocations
 16952 | Lair:1   | Noticed Sonja
 16958 | Lair:1   | Killed Sonja
 17520 | Lair:2   | Reached skill level 18 in Shields
 17554 | Lair:2   | You are sucked into a shaft and drop 2 floors!
 17554 | Lair:4   | Found a staircase to the Slime Pits.
 17830 | Lair:4   | Reached ****** piety under Qazlal
 17833 | Lair:4   | Found a gate leading to a gauntlet.
 17842 | Gauntlet | Entered a Gauntlet
 17842 | Gauntlet | Found a transporter.
 17851 | Gauntlet | Found a transporter.
 17866 | Gauntlet | Found a transporter.
 17871 | Gauntlet | Found a transporter.
 17886 | Gauntlet | Found a transporter.
 17905 | Gauntlet | Found a transporter.
 17917 | Gauntlet | Found a transporter.
 17929 | Gauntlet | Found a transporter.
 17941 | Gauntlet | Found a transporter.
 17947 | Gauntlet | Found a transporter.
 17947 | Gauntlet | Found a transporter.
 17949 | Gauntlet | Found a transporter.
 17954 | Gauntlet | Noticed a balrug
 17966 | Gauntlet | Found a transporter.
 17983 | Gauntlet | Found a transporter.
 18002 | Gauntlet | Found a transporter.
 18045 | Gauntlet | Found a transporter.
 18049 | Gauntlet | Found a transporter.
 18070 | Gauntlet | Found a transporter.
 18297 | Lair:4   | Found an opulent altar of Gozag.
 18400 | Lair:4   | Reached XP level 15. HP: 92/92 MP: 16/18
 18531 | Lair:4   | Found a viscous altar of Jiyva.
 18837 | Lair:5   | Entered Level 5 of the Lair of Beasts
 19013 | Lair:5   | Reached skill level 10 in Fighting
 19035 | Lair:5   | Reached skill level 5 in Invocations
 19276 | Lair:5   | Reached skill level 19 in Shields
 19350 | Lair:5   | Identified a scroll of acquirement
 19351 | Lair:5   | Acquired 1126 gold pieces
 19595 | Lair:5   | Got an earthy gem with 1217 turns to spare
 20711 | Lair:3   | Identified the +0 robe of the Screaming Gods {rF+ Str+4
                  | Dex-3}
 20762 | Lair:3   | Reached XP level 16. HP: 98/98 MP: 21/21
 20790 | Lair:3   | Reached skill level 20 in Shields
 21310 | Lair:3   | Found a transporter.
 21316 | Lair:3   | Found a transporter.
 21327 | Lair:3   | Noticed Ixoagrun's ghost (journeyman MiFi)
 21354 | Lair:3   | Identified the +9 rapier "Plog" {venom, Str+6}
 21409 | Lair:3   | Found a staircase to the Swamp.
 21573 | Lair:3   | Killed Ixoagrun's ghost
 21594 | Lair:3   | Identified the +2 pair of gloves of the Teacher {Rampage}
 21852 | Swamp:1  | Entered Level 1 of the Swamp
 21905 | Swamp:1  | Found a hazy altar of Hepliaklqana.
 22054 | Swamp:1  | Noticed a tentacled monstrosity
 22076 | Swamp:1  | Killed a tentacled monstrosity
 22258 | Swamp:1  | Noticed a thorn hunter
 22473 | Swamp:2  | Killed a thorn hunter
 22715 | Swamp:1  | Noticed a fenstrider witch
 22726 | Swamp:1  | Killed a fenstrider witch
 23125 | Swamp:2  | Reached skill level 21 in Shields
 23339 | Swamp:2  | Got Enagussu's Writings on Necromancy and Ensorcelling
 23383 | Swamp:2  | Identified the +8 lajatang "Zikketum" {flame, rF++ Str+3}
 23425 | Swamp:2  | Reached XP level 17. HP: 104/104 MP: 23/23
 24407 | Swamp:4  | Entered Level 4 of the Swamp
 25060 | Swamp:4  | Reached skill level 10 in Invocations
 25200 | Swamp:4  | Reached skill level 22 in Shields
 25624 | Swamp:4  | Got a decaying rune of Zot
 26123 | Lair:2   | Acquired a manual of Long Blades
 26265 | Lair:2   | Noticed Nergalle
 26276 | Lair:2   | Killed Nergalle
 26990 | Lair:2   | Found a staircase to the Snake Pit.
 26999 | Snake:1  | Entered Level 1 of the Snake Pit
 27026 | Snake:1  | Reached XP level 18. HP: 77/112 MP: 17/25
 27260 | Snake:1  | Identified the serpent talisman "Qirifava" {rF- Int+3 SInv
                  | Stlth+}
 27260 | Snake:1  | Noticed Aizul
 27273 | Snake:1  | Killed Aizul
 27522 | Snake:1  | Reached skill level 23 in Shields
 27555 | Snake:1  | Found a glacial archway.
 27576 | IceCv    | Entered an ice cave
 27677 | IceCv    | Reached skill level 15 in Long Blades
 27697 | IceCv    | Identified the +2 hat "Zotaypp" {rC+ rCorr}
 27709 | IceCv    | Got the +2 sling of Eternal Harmony {freeze, Fly SInv}
 28454 | IceCv    | Found a viscous altar of Jiyva.
 28467 | IceCv    | Got the ring of Qymu {Ice MP+9}
 28483 | IceCv    | Got the ring "Runeushri" {rC+ rN+}
 29581 | Snake:2  | Found Miuproz's Weapon Shop.
 30523 | Snake:3  | Found Veydodiveu's Overcharged Wands.
 30890 | Snake:3  | Reached skill level 24 in Shields
 30891 | Snake:3  | Reached XP level 19. HP: 111/117 MP: 27/27
 31031 | Snake:4  | Entered Level 4 of the Snake Pit
 32345 | Snake:4  | Reached skill level 25 in Shields
 32375 | Snake:4  | Got a serpentine rune of Zot
 32552 | Snake:4  | Found a basalt altar of Yredelemnul.
 32583 | Snake:4  | Identified the +1 pair of boots "Lamaboum" {*Slow rPois
                  | Will+++ Dex-3}
 33036 | Orc:1    | Entered Level 1 of the Orcish Mines
 33147 | Orc:2    | Entered Level 2 of the Orcish Mines
 33267 | Orc:2    | Found a staircase to the Elven Halls.
 33818 | Orc:2    | Found Watzuacu's Antique Armour Boutique.
 33820 | Orc:2    | Found Xaink's Assorted Antiques.
 33823 | Orc:2    | Found Zeck's Armour Shop.
 33824 | Orc:2    | Found Anwe's Weapon Boutique.
 33828 | Orc:2    | Bought a fizzy brown potion for 21 gold pieces
 33896 | Elf:1    | Entered Level 1 of the Elven Halls
 34283 | Elf:1    | Paralysed by an air elemental for 1 turns
 34467 | Elf:1    | Noticed Louise
 34483 | Abyss:3  | Found a corrupted altar of Lugonu.
 34483 | Abyss:3  | Cast into level 3 of the Abyss (Louise)
 34568 | Abyss:3  | Reached XP level 20. HP: 74/124 MP: 28/28
 34712 | Abyss:3  | Noticed a bone dragon
 34720 | Abyss:3  | Found a corrupted altar of Lugonu.
 34729 | Abyss:4  | Found a corrupted altar of Lugonu.
 34874 | Abyss:4  | Noticed a bone dragon
 34908 | Abyss:5  | Found a corrupted altar of Lugonu.
 34908 | Abyss:5  | Found a corrupted altar of Lugonu.
 34961 | Abyss:5  | Fell from the grace of Qazlal
 34961 | Abyss:5  | Became a worshipper of Lugonu the Unformed
 34961 | Abyss:5  | Reached * piety under Lugonu
 34961 | Abyss:5  | Reached ** piety under Lugonu
 34962 | Elf:1    | Escaped the Abyss
 35257 | Temple   | Fell from the grace of Lugonu
 35257 | Temple   | Became a worshipper of Qazlal Stormbringer
 35508 | D:15     | Bought a pair of glowing boots for 217 gold pieces
 35803 | Slime:1  | Entered Level 1 of the Pits of Slime
 35811 | Lair:4   | Gained mutation: You are frail. (-10% HP) [potion of
                  | mutation]
 35811 | Lair:4   | Gained mutation: You are partially covered in iridescent
                  | scales. (AC +2) [potion of mutation]
 35812 | Lair:4   | Lost mutation: You are frail. (-10% HP) [potion of
                  | mutation]
 35812 | Lair:4   | Lost mutation: You are partially covered in iridescent
                  | scales. (AC +2) [potion of mutation]
 35812 | Lair:4   | Gained mutation: You sometimes lose your temper in combat.
                  | [potion of mutation]
 35812 | Lair:4   | Gained mutation: Your flesh is heat resistant. (rF+)
                  | [potion of mutation]
 35813 | Lair:4   | Lost mutation: You sometimes lose your temper in combat.
                  | [potion of mutation]
 35813 | Lair:4   | Lost mutation: Your flesh is heat resistant. (rF+) [potion
                  | of mutation]
 36068 | Vaults:1 | Entered Level 1 of the Vaults
 36070 | Vaults:1 | Found a flickering gateway to a bazaar.
 36086 | Bazaar   | Entered a bazaar
 36086 | Bazaar   | Found Faudwafy's Book Emporium.
 36106 | Bazaar   | Found Duoxusk's Book Emporium.
 36116 | Bazaar   | Found Rungomp's Weapon Boutique.
 36119 | Bazaar   | Found Duhit's Antique Armour Boutique.
 36126 | Bazaar   | Found Guol's Antique Armour Boutique.
 36131 | Bazaar   | Bought a pair of ichor-stained gloves for 332 gold pieces
 36131 | Bazaar   | Identified the +3 pair of gloves of Caguypt {^Drain rCorr
                  | Int+4} (You bought it in a shop in a bazaar)
 36131 | Bazaar   | Bought a glowing tower shield for 262 gold pieces
 36136 | Bazaar   | Bought a bloodstained scale mail for 306 gold pieces
 36136 | Bazaar   | Identified the +4 scale mail "Cuarurr" {rPois Str+3} (You
                  | bought it in a shop in a bazaar)
 36136 | Bazaar   | Bought a glowing helmet for 255 gold pieces
 36382 | Vaults:1 | Noticed Boris
 36395 | Vaults:1 | Killed Boris
 36445 | Vaults:1 | Paralysed by accursed screaming for 1 turns
 36574 | Vaults:2 | Found Huemoatt's Magic Scroll Boutique.
 37568 | Vaults:1 | Found Karizua's General Store.
 38212 | Vaults:1 | Reached skill level 26 in Shields
 38563 | Vaults:1 | Found Zownalususte's Weapon Shop.
 38922 | Vaults:1 | Identified the +0 hat of Gugi {Will- Str+4}
 38928 | Vaults:1 | Found a radiant altar of Vehumet.
 38953 | Vaults:1 | Identified the -2 hat of Devotion {Rampage rElec MP+9
                  | Str+3}
 39193 | Vaults:1 | Bought a potion of might for 76 gold pieces
 39437 | Vaults:2 | Bought a scroll of acquirement for 988 gold pieces
 39437 | Vaults:2 | Acquired a manual of Invocations
 41526 | Vaults:2 | Reached XP level 21. HP: 122/132 MP: 29/29
 42719 | Vaults:3 | Found a staircase to the Crypt.
 42728 | Vaults:3 | Reached skill level 27 in Shields
 43032 | Vaults:3 | Identified the +2 morningstar "Nugiar" {flame, rF+ rCorr
                  | Dex+5 Stlth+}
 43119 | Vaults:3 | Identified the +1 robe of the Final Violins {Rampage rF+
                  | Will+}
 43931 | Vaults:4 | Identified the +0 plate armour of Experimentation {rElec
                  | rCorr Int+3}
 44258 | Abyss:5  | Cast into level 5 of the Abyss (Lugonu's touch)
 44259 | Abyss:5  | Found a corrupted altar of Lugonu.
 44287 | Abyss:5  | Found a corrupted altar of Lugonu.
 44375 | Abyss:5  | Noticed an ancient lich
 44385 | Abyss:5  | Paralysed by accursed screaming for 1 turns
 44453 | Abyss:5  | Reached skill level 15 in Fighting
 44458 | Abyss:5  | Killed from afar by a starcursed mass

Illustrated notes

Levels and vault maps discovered:
D:1:      ncdulo_smallfort, layout_rooms
D:2:      minmay_kobold_bridge, layout_basic
D:3:      layout_loops_cross, nicolae_overflow_hidden_temple,
          dreamdust_ecumenical_altar_grove
D:4:      layout_layer_cave
D:5:      minmay_skewed_foursquare, layout_basic, portal_sewer_entry_a
D:6:      cheibrodos_helix_gallery, layout_basic, lemuel_blue_sif_altar,
          mainiacjoe_overflow_alcove_1, minmay_temple_entry_from_below_a,
          serial_bayou_lake_a
D:7:      nicolae_cairo_tiling_large, layout_gridville,
          mainiacjoe_overflow_catch_the_wave
D:8:      layout_loops_corners, supply_closet_lemuel, kennysheep_minor_cross
D:9:      layout_basic, david_lair_generic, nicolae_fountain_basement
D:10:     nzn_winding_woodlands_small [nzn_winding_woodlands_5x15_default,
          nzn_winding_woodlands_center_diamonds,
          nzn_winding_woodlands_5x15_cabin], layout_basic,
          kennysheep_big_empty_room
D:11:     layout_irregular_city, hiddenorc1_lemuel, serial_nicolae_subway,
          nicolae_sub_station_metal, nicolae_sub_station_stone,
          nicolae_sub_station_crystal
D:12:     layout_cave_pools, enter_trove_1, uniq_maurice
D:13:     layout_cave_pools, ximxim_vaults_locker_room
D:14:     layout_roguey, lightli_elemental_guards, uniq_kirke, uniq_snorg,
          uniq_roxanne
D:15:     grunt_enter_depths_magical_seal, layout_loops_ring, serial_shops,
          shop, nicolae_inconvenience_store, shop, shop,
          nicolae_shop_hallway_stairs, amethyst_killhole
Temple:   kb_temple_of_zot
Lair:1:   dreamdust_cave_troll, layout_hall_layers, uniq_sonja
Lair:2:   layout_layer_cave, alex1729_snake_entry_snake, uniq_nergalle
Lair:3:   layout_regular_city, minmay_swamp_entry_swarm,
          gammafunk_ghost_berserking_beasts, serial_bayou_pond_b,
          disabler_island, lemuel_fruit_tree
Lair:4:   layout_regular_city, nicolae_slime_entry_field_trip,
          gauntlet_entry_generic, basic_altar, grunt_megastairs_4,
          serial_bayou_shore_a
Lair:5:   hangedman_lair_caniforms_friends, layout_cave_pods,
          hangedman_lair_tendril_chambers, nicolae_lair_grove_arrangements,
          grunt_forest_large_clearing_hut
Swamp:1:  cheibrodos_swamp_monstrosity, layout_falls_marsh,
          lemuel_altar_in_water, nicolae_swamp_bunyip_nook
Swamp:2:  layout_basic_swamp, evilmike_swamp_ruin_house_4
Swamp:3:  layout_falls_marsh, serial_swamp_ruin, evilmike_swamp_ruin_house_1,
          evilmike_swamp_ruin_house_5, swamp_pool_5
Swamp:4:  swamp_fiery, layout_basic_swamp
Snake:1:  layout_concentric_octagons, portal_ice_cave_entry_ugly_swarm,
          grunt_megastairs_1, uniq_aizul
Snake:2:  layout_cave_shapes, grunt_megastairs_2, minmay_shop_star
Snake:3:  layout_onion_interference, nicolae_shop_overcharged_wands
Snake:4:  snake_pit_salamanders_mu, layout_cave_town, basic_altar
Slime:1:  layout_caves
Orc:1:    layout_caves, basic_altar
Orc:2:    st_orc_pillars, layout_caves, statue_in_the_mist_lemuel
Elf:1:    eino_elf_arrival_shootout, layout_geoelf_grid,
          hangedman_elf_disciples, uniq_louise
Vaults:1: v_misc_13, grunt_tower_of_power, nicolae_vaults_little_squares_6,
          ontoclasm_vaults_spin, hangedman_vaults_stretched_pinwheel,
          dpeg_vaults_monster_row, v_pattern_2, nicolae_vaults_little_squares_1,
          nicolae_vaults_trapezoid_lopsided_3, v_misc_30,
          nicolae_vaults_variable_pillar_hall, layout_vaults_omnicross,
          serial_shops, bzr_entry_gold, nicolae_shop_behind_doors,
          nicolae_diamond_shop, uniq_boris
Vaults:2: v_misc_28, vaults_dpeg_doors, hangedman_vaults_river_flow,
          vaults_dpeg_diagonal, ontoclasm_vaults_chip,
          nicolae_vaults_border_crossing, layout_vaults_quadrants, serial_shops,
          nicolae_shop_gibbet_a_chance
Vaults:3: nicolae_vaults_disjoint_gnomons, nicolae_vaults_apartment_2,
          minmay_crypt_entry_simple_round, nicolae_vaults_closet_pinwheel_5,
          nicolae_vaults_little_squares_6, nicolae_vaults_tetromino_Z_2,
          st_cells, nicolae_vaults_specimen_jars,
          nicolae_vaults_closet_pinwheel_3, layout_vaults_big_room
Vaults:4: mu_enter_wizlab_3, nicolae_vaults_bisected_exclaves, v_pattern_5,
          nicolae_vaults_arrows, vaults_dpeg_cross,
          nicolae_vaults_offset_grid_hallway_3,
          nicolae_vaults_closet_pinwheel_1, hangedman_vaults_maws,
          nicolae_vaults_variable_pillar_hall, layout_vaults_maze_snakey
Abyss:5:  base: D:10, base: Snake:3, base: Snake:4, spicy_abyss_pitcher_plant,
          hangedman_eye_storm, nicolae_abyss_rune_star_stuff, base: Zot:2,
          gammafunk_abyss_exit_x_factor, serial_sigils_hangedman_quiver,
          grunt_abyss_rune_wretched_hive, abyss_furniture_001,
          hangedman_abyss_shoalhut, minivault_4, guppyfry_abyss_exit_imp_island,
          spicy_pingpong_abyss_rune, small_statue_intersection,
          hangedman_classic_abyss_death, evilmike_abyss_rune_elephants_shrine,
          guppyfry_abyss_exit_glass_guarded,
          dshaligram_kb_abyss_rune_zappy_water_cross

Skill      XL: |  1  2  3  4  5  6  7  8  9 10 11 12 13 14 15 16 17 18 19 20 21 |
---------------+----------------------------------------------------------------+-----
Short Blades   | 1 2 3 4 5 6 |  6.3
Fighting       | 4 5 6 7 8 9 10 11 12 13 14 15 | 15.0
Armour         | 4 5 6 7 8 9 10 11 12 13 | 13.7
Shields        | 4 6 7 9 11 13 15 17 18 19 21 22 24 25 26 27 | 27.0
Throwing       | 1 2 3 |  3.9
Long Blades    | 3 6 7 9 10 11 12 13 14 15 17 18 19 | 19.1
Evocations     | 1 |  1.4
Invocations    | 4 6 9 10 11 13 | 13.1
Maces & Flails | |  2.3
Unarmed Combat | |  0.9

Action                     |  1- 3 |  4- 6 |  7- 9 | 10-12 | 13-15 | 16-18 | 19-21 || total
---------------------------+-------+-------+-------+-------+-------+-------+-------++-------
  Melee: Flail             |    37 |       |       |       |       |       |       ||    37
         Dagger            |    64 |   214 |   375 |    63 |       |       |       ||   716
         Short sword       |    22 |       |       |       |       |       |       ||    22
         Long sword        |       |       |    91 |   422 |  1011 |  1308 |  1854 ||  4686
         Unarmed           |       |       |       |       |     7 |       |       ||     7
         Scimitar          |       |       |       |       |    23 |    63 |       ||    86
         Rapier            |       |       |       |       |       |     4 |       ||     4
  Throw: Dart              |     3 |     2 |     3 |    22 |    32 |    13 |    19 ||    94
 Invoke: Upheaval          |       |       |       |       |     4 |       |     1 ||     5
         Elemental Force   |       |       |       |       |     1 |    22 |    20 ||    43
         Disaster Area     |       |       |       |       |       |     1 |     1 ||     2
         Depart the Abyss  |       |       |       |       |       |       |     1 ||     1
  Evoke: Wand              |       |       |       |       |    13 |       |       ||    13
    Use: Scroll            |       |     6 |     9 |     1 |    16 |     4 |    25 ||    61
         Potion            |       |       |     2 |     1 |     3 |     2 |    16 ||    24
   Stab: Paralysed         |       |       |       |       |       |     5 |     7 ||    12
         Distracted        |       |       |       |       |       |     2 |       ||     2
 Armour: Scale mail        |    35 |       |       |       |       |       |       ||    35
         Chain mail        |    58 |    98 |    10 |   255 |   566 |   650 |   806 ||  2443
         Crystal plate arm |       |       |   324 |    15 |       |       |       ||   339
         Skin              |       |       |       |       |     6 |       |       ||     6
  Dodge: Dodged            |    52 |    54 |    26 |    76 |   154 |   224 |   223 ||   809
         Repelled          |       |       |       |     1 |     3 |    12 |    13 ||    29
  Block: Buckler           |    19 |    19 |       |       |       |       |       ||    38
         Tower shield      |       |    49 |   410 |   793 |  1787 |  2535 |  3060 ||  8634
